 Dungeon Crawl Stone Soup version 0.30-a0-365-ge7f957f1db (webtiles) character file.

Game seed: 5495756872119169681

20530 MrRokkomies the Carver (level 13, -2/119 HPs)
             Began as a Meteoran Cinder Acolyte on Nov 17, 2022.
             Was a Follower of Ignis.
             Slain by a komodo dragon (12 damage)
             ... on level 4 of the Lair of Beasts.
             The game lasted 00:29:31 (7167 turns).

MrRokkomies the Carver (Meteoran Cinder Acolyte)    Turns: 7167, Time: 00:29:32

Health: -2/119     AC: 11    Str: 16    XL:     13   Next: 42%
Magic:  8/25       EV: 20    Int: 17    God:    Ignis [*.....]
Gold:   836        SH:  0    Dex: 23    Spells: 21/27 levels left

rFire   + + .      SeeInvis .    b - +4 scimitar (flame)
rCold   . . .      Faith    .    (no shield)
rNeg    . . .      Spirit   .    z - +1 robe {Archmagi}
rPois   +          Reflect  .    O - +0 helmet
rElec   .          Harm     .    E - +2 cloak "Zilaot" {rF+}
rCorr   .          Rampage  .    H - +2 pair of gloves {Dex+3}
Will    +....      Archmagi +    K - +0 pair of boots
Stlth   +.........               (no amulet)
HPRegen 0.39/turn                B - ring of poison resistance
MPRegen 0.19/turn                y - +6 ring of dexterity

@: glowing
A: sense surroundings 2, otherworldly, glowing, explore regen
a: Renounce Religion, Fiery Armour, Foxfire Swarm, Rising Flame


You were on level 4 of the Lair of Beasts.
You worshipped Ignis.
Ignis was aware of your devotion.
You visited 2 branches of the dungeon, and saw 15 of its levels.
You also visited: Bailey.

You collected 896 gold pieces.
You spent 60 gold pieces at shops.

Inventory:

Hand Weapons
 a - a +1 long sword of electrocution
 b - a +4 scimitar of flaming (weapon)
 w - a +4 great sword
Missiles
 i - 24 poisoned darts (quivered)
Armour
 z - a +1 robe of the Archmagi (worn)
 E - the +2 cloak "Zilaot" (worn) {rF+}
   (You found it on level 7 of the Dungeon)

   rF:        It protects you from fire.
 G - a +2 robe of willpower
 H - a +2 pair of gloves of dexterity (worn)
 J - +0 acid dragon scales
 K - a +0 pair of boots (worn)
 O - a +0 helmet (worn)
Magical Staves
 u - a staff of cold
Jewellery
 f - an amulet of faith
 j - a ring of flight
 m - a ring of fire
 y - a +6 ring of dexterity (right hand)
 B - a ring of poison resistance (left hand)
 P - a +4 ring of evasion
Wands
 r - a wand of flame (18)
 v - a wand of polymorph (14)
 M - a wand of roots (10)
Scrolls
 c - 4 scrolls of teleportation
 q - a scroll of blinking
 x - a scroll of enchant armour
 C - a scroll of enchant weapon
 L - a scroll of fear
 Q - a scroll of amnesia
Potions
 d - 3 potions of brilliance
 e - 8 potions of curing
 g - 3 potions of haste
 h - 3 potions of lignification
 k - 5 potions of heal wounds
 l - 3 potions of magic
 n - 2 potions of cancellation {unknown}
 o - 2 potions of might {unknown}
 p - a potion of attraction {unknown}
 s - 6 potions of ambrosia
 t - 2 potions of mutation {unknown}
 A - 2 potions of flight {unknown}
 D - a potion of berserk rage {unknown}
Miscellaneous
 I - a lightning rod (4/4)


   Skills:
 + Level 12.9 Fighting
 - Level 14.0 Long Blades
 - Level 3.1 Armour
 + Level 10.3 Dodging
 * Level 7.7 Spellcasting
 - Level 6.3 Fire Magic
 * Level 3.8 Air Magic
 - Level 6.2 Evocations


You had 21 spell levels left.
You knew the following spells:

 Your Spells              Type           Power      Damage    Failure   Level
a - Scorch                Fire           84%        2d9       1%          2
b - Airstrike             Air            14%        2d(3-19)  22%         4

Your spell library contained the following spells:

 Spells                   Type           Power      Damage    Failure   Level
 Shock                    Conj/Air       76%        1d7       4%          1
 Swiftness                Air            29%        N/A       7%          3
 Apportation              Tloc           18%        N/A       11%         1
 Freeze                   Ice            36%        1d5       11%         1
 Sandblast                Erth           18%        2d7       11%         1
 Passwall                 Tmut/Erth      7%         N/A       16%         2
 Frozen Ramparts          Ice            18%        1d3       32%         3
 Hailstorm                Conj/Ice       9%         3d4       32%         3
 Stone Arrow              Conj/Erth      18%        3d8       32%         3
 Petrify                  Tmut/Erth      9%         N/A       71%         4
 Alistair's Intoxication  Tmut/Pois      6%         N/A       96%         5
 Borgnjor's Vile Clutch   Necr/Erth      4%         N/A       96%         5
 Metabolic Englaciation   Hex/Ice        4%         N/A       96%         5
 Eringya's Noxious Bog    Tmut/Pois      4%         N/A       100%        6
 Statue Form              Tmut/Erth      6%         N/A       100%        6


Dungeon Overview and Level Annotations

Branches:
Dungeon (11/15) Zot: 1203  Temple (0/1) D:7            Lair (4/5) D:10 Zot: 1074
 Spider (0/4) Lair:2       Bailey (visited)
  Swamp: Lair:2-3    Shoals: Lair:2-3     Slime: Lair:4-5       Orc: D:9-12

Altars:
Zin
The Shining One

Shops:
D:8 !

Annotations:
D:8 Gastronok


Innate Abilities, Weirdness & Mutations

You passively map the area around you.
You are easily found by Zot.
You glow in the dark.
You regain HP and MP as you explore.


Message History

The komodo dragon bites you!!
* * * LOW HITPOINT WARNING * * *
You feel much better.
A nearby plant withers and dies.
The komodo dragon bites you but does no damage.
Casting: Scorch (safe; 1% risk of failure)
Confirm with . or Enter, or press ? or * to list all spells.
You feel a surge of power!
Flames lash the komodo dragon.
The komodo dragon is lightly wounded.
The komodo dragon's fire resistance burns away.
The komodo dragon bites you!
* * * LOW HITPOINT WARNING * * *
Casting: Scorch (safe; 1% risk of failure)
Confirm with . or Enter, or press ? or * to list all spells.
You feel a surge of power!
Flames lash the komodo dragon.
The komodo dragon is lightly wounded.
The komodo dragon's fire resistance burns away.
The komodo dragon bites you!
* * * LOW HITPOINT WARNING * * *
You feel much better. The komodo dragon misses you.
Casting: Scorch (safe; 1% risk of failure)
Confirm with . or Enter, or press ? or * to list all spells.
You feel a surge of power!
Flames lash the komodo dragon.
The komodo dragon is burned terribly!
The komodo dragon is lightly wounded.
The komodo dragon bites you!
* * * LOW HITPOINT WARNING * * *
Casting: Scorch (safe; 1% risk of failure)
Confirm with . or Enter, or press ? or * to list all spells.
You feel a surge of power!
Flames lash the komodo dragon.
The komodo dragon is burned terribly!
The komodo dragon is severely wounded.
The komodo dragon bites you!
* * * LOW HITPOINT WARNING * * *
Casting: Scorch (safe; 1% risk of failure)
Confirm with . or Enter, or press ? or * to list all spells.
You feel a surge of power!
Flames lash the komodo dragon.
The komodo dragon is burned terribly!
The komodo dragon is moderately wounded.
The komodo dragon bites you!
You die...

* * ........
,, ,, , *,
...#.... , *
, , , #.....
, , , #.... ,
,, * ,,,,*
#...## ,,,, ,
, , ,* ##
#†..# * ,, *
#...#..## ,,
, , , ,
*#.....ll###,
,,, , , ,
#.......#@.#
, , *
#........#.#
, ,
#.........##
* ,
##........#**
*, ###.......
* , *
#.#......* *
, ,, , **
####P..... *
, ,, , ** ##.
* , , ** ** ,
,


You could see 2 komodo dragons.

Vanquished Creatures
  A catoblepas (Lair:3)
  A hydra (Lair:4)
  Erica (D:10)
  A two-headed ogre (D:10)
  Joseph (D:7)
  6 cane toads
  2 black mambas (Lair:1)
  A gargoyle (Bailey)
  An unseen horror (D:10)
  5 komodo dragons
  A kobold demonologist (D:10)
  A polar bear (Lair:2)
  A hornet (D:8)
  Grinder (D:5)
  9 blink frogs
  A jumping spider (Lair:2)
  A wraith (D:11)
  2 wyverns (Lair:3)
  22 yaks
  A vampire (Bailey)
  2 basilisks
  3 steam dragons
  An acid dragon (D:8)
  9 water moccasins
  Duvessa (D:5)
  2 orc warriors
  2 black bears (Lair:3)
  4 ogres
  5 wolves (Lair:1)
  2 phantoms
  2 kobold brigands
  13 bullfrogs
  2 necrophages
  4 scorpions
  14 wights
  Dowan (D:5)
  17 killer bees
  8 vampire bats (Bailey)
  2 howler monkeys (D:8)
  2 jellies
  7 wolf zombies (Bailey)
  Crazy Yiuf (D:7)
  3 hounds
  9 orc priests
  6 iguanas
  2 orc wizards (D:8)
  5 adders
  3 gnolls (D:4)
  2 shadow imps
  2 ufetubi
  3 worms
  24 orcs
  5 ball pythons
  10 endoplasms
  3 giant cockroaches
  4 goblins
  9 hobgoblins
  6 jackals
  9 kobolds
  2 quokkas (D:3)
  2 training dummies (D:5)
  6 bats
  3 frilled lizards
  16 orc zombies (Bailey)
  4 rats
302 creatures vanquished.

Vanquished Creatures (others)
  62 foxfires
  9 fungi
  11 plants
82 creatures vanquished.

Grand Total: 384 creatures vanquished

Notes
Turn   | Place    | Note
-------+----------+-------------------------------------------
     0 | D:1      | MrRokkomies the Meteoran Cinder Acolyte began the quest for
                  | the Orb.
     0 | D:1      | Reached XP level 1. HP: 19/19 MP: 3/3
    57 | D:1      | Reached XP level 2. HP: 26/26 MP: 5/5
    66 | D:1      | Learned a level 2 spell: Scorch
   133 | D:1      | Reached skill level 4 in Long Blades
   135 | D:1      | Reached XP level 3. HP: 16/31 MP: 6/6
   189 | D:1      | Reached skill level 1 in Dodging
   404 | D:2      | Reached XP level 4. HP: 40/40 MP: 7/7
   523 | D:2      | Found a faded altar of an unknown god.
   952 | D:3      | Found a glowing golden altar of the Shining One.
  1027 | D:3      | Reached XP level 5. HP: 28/46 MP: 5/8
  1140 | D:4      | Noticed an ogre
  1145 | D:4      | Killed an ogre
  1146 | D:4      | Reached skill level 5 in Long Blades
  1146 | D:4      | Reached XP level 6. HP: 53/53 MP: 0/9
  1245 | D:4      | Noticed an ogre
  1252 | D:4      | Killed an ogre
  1253 | D:4      | Reached skill level 5 in Fighting
  1253 | D:4      | Reached XP level 7. HP: 29/61 MP: 0/10
  1571 | D:4      | Reached skill level 6 in Long Blades
  1614 | D:5      | Entered Level 5 of the Dungeon
  1619 | D:5      | Reached skill level 5 in Fire Magic
  1661 | D:5      | Reached XP level 8. HP: 50/70 MP: 5/11
  1687 | D:5      | Noticed Duvessa
  1687 | D:5      | Noticed Dowan
  1691 | D:5      | Killed Dowan
  1698 | D:5      | Killed Duvessa
  1699 | D:5      | Reached skill level 7 in Long Blades
  1762 | D:5      | Noticed Grinder
  1783 | D:5      | Killed Grinder
  2132 | D:6      | Gained mutation: You passively map the area around you.
                  | [Meteoran growth]
  2132 | D:6      | Reached XP level 9. HP: 63/79 MP: 12/12
  2177 | D:6      | Reached skill level 8 in Long Blades
  2392 | D:6      | You are sucked into a shaft and drop 2 floors!
  2392 | D:8      | Found Dekugo's Distillery.
  2407 | D:8      | Bought a potion of heal wounds for 60 gold pieces
  2437 | D:8      | Reached skill level 5 in Dodging
  2448 | D:8      | Reached skill level 1 in Evocations
  2451 | D:8      | Noticed a hornet
  2454 | D:8      | Paralysed by a hornet for 2 turns
  2458 | D:8      | Killed a hornet
  2459 | D:8      | Reached skill level 9 in Long Blades
  2629 | D:8      | Noticed Gastronok
  2669 | D:7      | Reached XP level 10. HP: 45/90 MP: 6/13
  2684 | D:7      | Identified the +2 cloak "Zilaot" {rF+}
  2798 | D:7      | Found a staircase to the Ecumenical Temple.
  2847 | D:7      | Found a runed translucent door.
  2848 | D:7      | Noticed Crazy Yiuf
  2854 | D:7      | Killed Crazy Yiuf
  2927 | D:7      | Found a flagged portal.
  2951 | Bailey   | Entered a bailey
  2990 | Bailey   | Noticed a gargoyle
  3009 | Bailey   | Killed a gargoyle
  3010 | Bailey   | Reached skill level 10 in Long Blades
  3502 | D:7      | Noticed Joseph
  3519 | D:7      | Killed Joseph
  3591 | D:7      | Reached skill level 10 in Fighting
  3602 | D:7      | Reached skill level 11 in Long Blades
  3680 | D:7      | Reached XP level 11. HP: 97/99 MP: 14/14
  3745 | D:8      | Reached skill level 5 in Evocations
  3939 | D:8      | Found a glowing silver altar of Zin.
  4659 | D:10     | Entered Level 10 of the Dungeon
  4709 | D:10     | Reached skill level 12 in Long Blades
  4805 | D:10     | Found a staircase to the Lair.
  4842 | D:10     | Reached skill level 1 in Armour
  5125 | D:10     | Noticed a two-headed ogre
  5134 | D:10     | Killed a two-headed ogre
  5281 | D:10     | Noticed Erica
  5325 | D:10     | Killed Erica
  5326 | D:10     | Reached XP level 12. HP: 94/111 MP: 15/15
  5725 | D:11     | Noticed a skeletal warrior
  5726 | D:11     | Noticed a skeletal warrior
  5727 | D:11     | Noticed a skeletal warrior
  5780 | Lair:1   | Entered Level 1 of the Lair of Beasts
  5959 | Lair:1   | Reached skill level 13 in Long Blades
  6547 | Lair:2   | Found a hole to the Spider Nest.
  6769 | Lair:3   | Reached skill level 14 in Long Blades
  6769 | Lair:3   | Reached skill level 5 in Spellcasting
  6822 | Lair:3   | Reached XP level 13. HP: 42/119 MP: 10/22
  6931 | Lair:3   | Learned a level 4 spell: Airstrike
  6961 | Lair:3   | Reached skill level 1 in Air Magic
  7036 | Lair:3   | Reached skill level 10 in Dodging
  7065 | Lair:3   | Noticed a catoblepas
  7080 | Lair:3   | Killed a catoblepas
  7145 | Lair:4   | Noticed a seven-headed hydra
  7157 | Lair:4   | Killed a three-headed hydra
  7167 | Lair:4   | Slain by a komodo dragon

Illustrated notes

Levels and vault maps discovered:
D:1:      grunt_arrival_crossed_arrows, layout_rooms, minivault_19,
          grunt_decor_fettered
D:2:      layout_basic, shapermc_ecumenical_altar_notcrosses
D:3:      layout_rooms, nicolae_tso_carved_into_rock
D:4:      layout_rooms, st_stairs_9, kennysheep_another_room
D:5:      dreamdust_elfheim, layout_basic, uniq_grinder
D:6:      layout_cave_pools, ashenzari_conservatory_becter
D:7:      cheibrodos_steamvent, layout_loops_cross,
          minmay_temple_entry_statues_pillars, enter_bailey_4,
          uniq_crazy_yiuf_cottage, uniq_joseph
D:8:      minmay_blocky_corners, layout_layer_cave, kennysheep_little_box,
          serial_shops, shop_statue, lightli_orcish_oven, uniq_gastronok
D:9:      layout_roguey, nicolae_elevator_lobby_plus
D:10:     layout_basic, lair_entry_dummy, uniq_erica
D:11:     layout_small_grid, david_defended_altar_orc
Lair:1:   layout_misc_corridors, hibernation_bobbens, lemuel_fruit_tree
Lair:2:   layout_cave_pods, minmay_swamp_entry_worms, spider_nest_entry_rubble
Lair:3:   layout_concentric_octagons
Lair:4:   layout_cave_pods, nicolae_slime_entry_slimehenge,
          minmay_lair_oklob_bushes

Skill      XL: |  1  2  3  4  5  6  7  8  9 10 11 12 13 |
---------------+----------------------------------------+-----
Long Blades    | 4 5 6 7 9 11 12 14 | 14.0
Dodging        | 1 2 3 4 5 7 8 9 10 | 10.3
Fire Magic     | 4 5 6 |  6.3
Fighting       | 4 5 7 8 10 11 12 | 12.9
Evocations     | 2 4 6 |  6.2
Armour         | 2 3 |  3.1
Spellcasting   | 5 7 |  7.7
Air Magic      | 3 |  3.8

Action                   |  1- 3 |  4- 6 |  7- 9 | 10-12 | 13-15 || total
-------------------------+-------+-------+-------+-------+-------++-------
Melee: Falchion          |    43 |    87 |    55 |       |       ||   185
       Punch             |       |     1 |     1 |    11 |     2 ||    15
       Long sword        |       |       |    49 |   404 |       ||   453
       Scimitar          |       |       |       |   183 |    70 ||   253
Throw: Dart              |       |       |       |     7 |       ||     7
 Cast: Scorch            |     2 |    17 |    42 |    37 |    29 ||   127
Invok: Fiery Armour      |     1 |       |     2 |     4 |       ||     7
       Foxfire Swarm     |       |       |     1 |     3 |       ||     4
Evoke: Wand              |       |       |     1 |       |       ||     1
  Use: Scroll            |     4 |     1 |     9 |     3 |     3 ||    20
       Potion            |       |       |       |     3 |     2 ||     5
 Stab: Sleeping          |       |       |       |     1 |       ||     1
       Petrifying        |       |       |       |       |     1 ||     1
Armor: Robe              |    16 |    18 |    29 |   140 |    20 ||   223
       Acid dragon scale |       |       |       |    70 |       ||    70
Dodge: Dodged            |    22 |    56 |    55 |   451 |    62 ||   646

Table legend: (Time is in decaauts)
 A = Elapsed time spent in this place.
 B = Non-inter-level travel time spent in this place.
 C = Inter-level travel time spent in this place.
 D = Time resting spent in this place.
 E = Time spent auto-exploring this place.
 F = Levels seen in this place.
 G = Mean time per level.
                   A        B        C        D        E       F      G
               +--------+--------+--------+--------+--------+-----+--------+
         Total |   7031 |   6640 |    391 |     18 |   3001 |  16 |  439.4 |
       Dungeon |   5396 |   5136 |    260 |     17 |   2419 |  11 |  490.5 |
          Lair |   1324 |   1194 |    130 |      0 |    582 |   4 |  331.0 |
        Bailey |    310 |    310 |      0 |      1 |      0 |   1 |  310.0 |
               +--------+--------+--------+--------+--------+-----+--------+

Top non-repeatable levels by time:
    D:10: 890 daAuts
     D:7: 812 daAuts
     D:8: 694 daAuts
     D:2: 540 daAuts
     D:5: 509 daAuts
     D:4: 474 daAuts
  Lair:2: 469 daAuts
  Lair:1: 448 daAuts
     D:9: 416 daAuts
  Lair:3: 383 daAuts
     D:1: 374 daAuts
  Bailey: 310 daAuts
     D:6: 264 daAuts
     D:3: 233 daAuts
    D:11: 185 daAuts
